Map: Usina Ácida LE

Players

chapaco - Winner!

  • Race: Terran Terran
  • League: Silver
  • Spawn Location: 11:00

IagoAbreu

  • Race: Protoss Protoss
  • League: Silver
  • Spawn Location: 5:00

VOD

Have the link to the VOD?

Description

Time

  • Played on: Feb. 24, 2018, 10:21 p.m.
  • Length: 6:40
Show
View Real Time Build Order
Export as new Build Order

chapaco Terran - Winner!

Build Orders:  

Get SALT Encoding   

  12  0:01  SCV  
  13  0:19  Supply Depot  
  13  0:20  SCV  
  14  0:32  SCV  
  15  0:37  Refinery  
  15  0:42  Barracks  
  15  0:45  SCV  
  16  0:53  Refinery  
  16  1:02  Supply Depot  
  16  1:06  SCV  
  17  1:20  Barracks  
  17  1:29  SCV  
  17  1:32  Marine  
  19  1:49  Factory  
  19  1:58  Marine  
  20  2:10  Orbital Command  
  20  2:14  Barracks Reactor  
  20  2:23  Marine  
  21  2:41  Marine, Starport  
  22  3:02  Factory Reactor  
  22  3:09  Factory Tech Lab  
  22  3:14  Marine  
  22  3:17  Marine  
  24  3:27  Supply Depot  
  24  3:28  Engineering Bay  
  24  3:32  Marine  
  25  3:35  Marine  
  26  3:45  Siege Tank  
  29  3:52  Supply Depot  
  29  3:56  Terran Infantry Weapons Level 1  
  29  4:02  Medivac  
  31  4:15  Medivac  
  31  4:16  Marine x2  
  35  4:40  Siege Tank  
  38  4:46  Barracks Reactor  
  38  5:01  Marine  
  39  5:19  Marine  
  40  5:37  Marine  
Show
View Real Time Build Order
Export as new Build Order

IagoAbreu Protoss 

Build Orders: Nexus First 

Get SALT Encoding   

  12  0:02  Probe  
  13  0:32  Probe (Chrono Boost)  
  14  0:47  Nexus  
  14  1:11  Pylon  
  14  1:13  Pylon  
  14  1:19  Pylon  
  14  1:40  Pylon  
  14  1:46  Pylon  
  14  1:49  Probe (Chrono Boost)  
  15  1:58  Probe (Chrono Boost)  
  16  2:03  Probe (Chrono Boost)  
  17  2:10  Pylon  
  18  2:16  Probe (Chrono Boost)  
  18  2:20  Forge  
  18  2:23  Probe (Chrono Boost)  
  19  2:33  Probe (Chrono Boost)  
  20  2:38  Probe (Chrono Boost)  
  20  2:40  Probe (Chrono Boost)  
  24  2:52  Assimilator  
  24  2:53  Probe (Chrono Boost)  
  24  2:55  Probe (Chrono Boost)  
  23  3:02  Probe (Chrono Boost)  
  24  3:26  Photon Cannon  
  24  3:27  Photon Cannon  
  24  3:29  Photon Cannon  
  24  3:31  Photon Cannon  
  24  3:32  Assimilator  
  24  3:42  Probe (Chrono Boost)  
  25  3:51  Pylon  
  25  3:52  Probe (Chrono Boost)  
  25  3:53  Pylon  
  26  3:57  Probe (Chrono Boost)  
  26  3:58  Pylon  
  27  4:05  Pylon  
  27  4:09  Probe  
  28  4:13  Pylon  
  28  4:18  Pylon  
  28  4:21  Probe  
  28  4:22  Pylon  
  29  4:39  Photon Cannon  
  29  4:40  Photon Cannon  
  29  4:41  Photon Cannon  
  29  4:56  Gateway  
  29  4:57  Gateway  
  29  5:00  Gateway  
  29  5:03  Gateway  
  29  5:04  Gateway  
  29  5:06  Probe (Chrono Boost)  
  30  5:17  Probe (Chrono Boost)  
  31  5:26  Pylon  
  31  5:31  Pylon  
  31  5:36  Photon Cannon  
  31  5:39  Pylon  
  31  5:44  Pylon  
  31  5:47  Photon Cannon  
  31  5:52  Photon Cannon  
  26  6:02  Photon Cannon  
  23  6:04  Photon Cannon  
  23  6:05  Photon Cannon  
Tags
 
Add a new tag
Caveats
  • Supply blocks, unpowered buildings, or Contaminate may cause inaccurate times.
  • Supply counts are checked every 10 seconds.